[Event "Netanya Open 2019"]
[Site "Netanya"]
[Date "2019.06.23"]
[Round "1.67"]
[White "Gleizer, Lior"]
[Black "Itzhaky, Shmuel"]
[Result "0-1"]
[ECO "C05"]
[WhiteElo "1461"]
[BlackElo "2134"]
[PlyCount "88"]
[EventDate "2019.06.23"]
[EventType "swiss"]
[EventRounds "9"]
[EventCountry "ISR"]
[TimeControl "40/5400+30:1800+30"]

1. e4 e6 2. d4 d5 3. Nd2 Nf6 4. e5 Nfd7 5. Ngf3 c5 6. c3 Nc6 7. Nb3 Qb6 8. Be2 a5 9. a4 cxd4 10. Nbxd4 Ndxe5 11. Nxe5 Nxe5 12. Bb5+ Bd7 13. Bf4 Nc6 14. Be3 Bc5 15. O-O O-O 16. b4 axb4 17. cxb4 Bxd4 18. Bxd4 Qxd4 19. Qxd4 Nxd4 20. Bxd7 Rfd8 21. Bb5 Kf8 22. g3 Ke7 23. f4 Nxb5 24. axb5 Rxa1 25. Rxa1 d4 26. Kf1 Rd5 27. Rd1 f6 28. b6 e5 29. fxe5 fxe5 30. Rc1 e4 31. Rc7+ Rd7 32. b5 d3 33. Ke1 e3 34. Kd1 d2 35. Rxd7+ Kxd7 36. h3 Kd6 37. h4 Kc5 38. g4 Kxb6 39. h5 Kxb5 40. g5 Kc4 41. Kc2 b5 42. g6 hxg6 43. hxg6 b4 44. Kd1 b3 0-1

[Event "Netanya Open 2019"]
[Site "Netanya"]
[Date "2019.06.23"]
[Round "1.68"]
[White "Yaniv, Yuval"]
[Black "Ben Hemo, Guy"]
[Result "1-0"]
[ECO "B38"]
[WhiteElo "2132"]
[BlackElo "1453"]
[PlyCount "53"]
[EventDate "2019.06.23"]
[EventType "swiss"]
[EventRounds "9"]
[EventCountry "ISR"]
[TimeControl "40/5400+30:1800+30"]

1. Nf3 Nf6 2. c4 c5 3. Nc3 Nc6 4. d4 cxd4 5. Nxd4 g6 6. e4 d6 7. f3 Bg7 8. Be3 O-O 9. Be2 Qc7 10. Qd2 Nxd4 11. Bxd4 Be6 12. b3 a6 13. O-O Nd7 14. Bxg7 Kxg7 15. Kh1 Qa5 16. f4 f6 17. Qe3 Qc5 18. Qg3 Bf7 19. Rad1 b5 20. cxb5 Rfc8 21. Na4 Qc2 22. bxa6 Qxa2 23. Bb5 Rcb8 24. Nc3 Qxb3 25. Bxd7 Rd8 26. Rb1 Qc2 27. Ba4 1-0

[Event "Netanya Open 2019"]
[Site "Netanya"]
[Date "2019.06.23"]
[Round "1.69"]
[White "Usha Margolin, Daniel"]
[Black "Katkov, Michelle"]
[Result "0-1"]
[ECO "C49"]
[WhiteElo "1437"]
[BlackElo "2065"]
[PlyCount "110"]
[EventDate "2019.06.23"]
[EventType "swiss"]
[EventRounds "9"]
[EventCountry "ISR"]
[TimeControl "40/5400+30:1800+30"]

1. e4 e5 2. Nf3 Nc6 3. Nc3 Nf6 4. Bb5 Bb4 5. O-O O-O 6. d3 d6 7. Bg5 Bxc3 8. bxc3 Qe7 9. Re1 Nd8 10. d4 Ne6 11. Bh4 Nf4 12. Bg5 Ng6 13. h3 h6 14. Bh4 Nxh4 15. Nxh4 g6 16. Bc4 Kg7 17. Qf3 Bd7 18. Re3 Bc6 19. d5 Bd7 20. Kh2 Ng4+ 21. hxg4 Qxh4+ 22. Kg1 Bxg4 23. Qg3 Qxg3 24. Rxg3 Bd7 25. Rb1 b6 26. Rf1 Rae8 27. f4 exf4 28. Rxf4 Re5 29. Bd3 g5 30. Rf1 f6 31. Rgf3 Bg4 32. R3f2 Bh5 33. Rf5 Re7 34. Kh2 Bg6 35. R5f3 Re5 36. Re3 f5 37. Rfe1 Rfe8 38. Bb5 R8e7 39. R1e2 Rxe4 40. Rxe4 Rxe4 41. Rxe4 fxe4 42. Kg3 Kf6 43. Be2 Ke5 44. Bc4 Bf7 45. Bb3 Bxd5 46. Bxd5 Kxd5 47. Kf2 h5 48. Ke3 Ke5 49. c4 h4 50. c3 g4 51. a3 h3 52. gxh3 gxh3 53. a4 h2 54. a5 h1=Q 55. axb6 Qe1# 0-1

[Event "Netanya Open 2019"]
[Site "Netanya"]
[Date "2019.06.23"]
[Round "1.70"]
[White "Gorshtein, Asaf"]
[Black "Havakuk, Elad"]
[Result "1-0"]
[ECO "B32"]
[WhiteElo "2109"]
[BlackElo "1350"]
[PlyCount "29"]
[EventDate "2019.06.23"]
[EventType "swiss"]
[EventRounds "9"]
[EventCountry "ISR"]
[TimeControl "40/5400+30:1800+30"]

1. e4 c5 2. Nf3 Nc6 3. d4 b6 4. d5 Na5 5. Nc3 d6 6. Bf4 Bg4 7. h3 Bxf3 8. Bb5+ Qd7 9. Bxd7+ Kxd7 10. Qxf3 Re8 11. e5 Nc4 12. e6+ fxe6 13. dxe6+ Kd8 14. Qa8+ Kc7 15. Nd5# 1-0

[Event "Netanya Open 2019"]
[Site "Netanya"]
[Date "2019.06.24"]
[Round "2.4"]
[White "Parligras, Mircea-Emilian"]
[Black "Gorodetzky, Matan"]
[Result "1-0"]
[ECO "D30"]
[WhiteElo "2638"]
[BlackElo "2303"]
[Annotator "RC"]
[PlyCount "95"]
[EventDate "2019.06.23"]
[EventType "swiss"]
[EventCountry "ISR"]
[SourceTitle "playchess.com"]
[Source "ChessBase"]
[SourceQuality "1"]
[TimeControl "40/5400+30:1800+30"]

1. d4 d5 2. c4 e6 3. Nf3 c5 4. cxd5 exd5 5. Bg5 Be7 6. Bxe7 Nxe7 7. dxc5 Qa5+ 8. Nc3 Qxc5 9. e3 Nbc6 10. Bd3 O-O 11. O-O h6 12. h3 Rd8 13. Rc1 a6 14. a3 Qd6 15. Ne2 Bd7 16. Ned4 Rac8 17. Bb1 g6 18. Qd2 Qf6 19. Rfd1 Kg7 20. Bd3 Nxd4 21. Nxd4 Nc6 22. Nxc6 Bxc6 23. Rc5 d4 24. e4 Qd6 25. Rdc1 b6 26. e5 Qxc5 27. Rxc5 bxc5 28. Bxa6 Rb8 29. Qf4 Bd5 30. b4 Rb6 31. Be2 g5 32. Qd2 Be6 33. bxc5 Rc6 34. f4 f6 35. Qb4 Bf7 36. Bf3 Re6 37. c6 d3 38. c7 Rc8 39. Bg4 Rxc7 40. Bxe6 Bxe6 41. Qd6 Rc1+ 42. Kh2 Kf7 43. f5 Bxf5 44. Qxf6+ Kg8 45. Qxf5 d2 46. Qg6+ Kf8 47. Qxh6+ Ke8 48. Qe6+ 1-0

[Event "Netanya Open 2019"]
[Site "Netanya"]
[Date "2019.06.24"]
[Round "2.5"]
[White "Aharon, Ofir"]
[Black "Efimenko, Zahar"]
[Result "0-1"]
[ECO "B41"]
[WhiteElo "2302"]
[BlackElo "2632"]
[Annotator "RC"]
[PlyCount "90"]
[EventDate "2019.06.23"]
[EventType "swiss"]
[EventCountry "ISR"]
[SourceTitle "playchess.com"]
[Source "ChessBase"]
[SourceQuality "1"]
[TimeControl "40/5400+30:1800+30"]

1. e4 c5 2. Nf3 e6 3. d4 cxd4 4. Nxd4 a6 5. c4 Nf6 6. Nc3 Qc7 7. Be2 Bb4 8. Qd3 Nc6 9. Nxc6 dxc6 10. a3 Bc5 11. Be3 Bxe3 12. Qxe3 e5 13. O-O O-O 14. Na4 Be6 15. Nc5 Rad8 16. Nxe6 fxe6 17. c5 Rd4 18. f3 Rfd8 19. Rfd1 a5 20. Rxd4 exd4 21. Qb3 Qe5 22. Qc4 Nd7 23. Rc1 Qf6 24. Rd1 Ne5 25. Qb3 g5 26. Bc4 Nxc4 27. Qxc4 Qe5 28. b4 axb4 29. axb4 h5 30. Qd3 h4 31. Rf1 Qf4 32. Rd1 Kg7 33. Qd2 Qxd2 34. Rxd2 Kf6 35. Kf2 Ke5 36. Ra2 g4 37. fxg4 Kxe4 38. Ke2 d3+ 39. Kd2 Rf8 40. Kc3 Ke3 41. Ra1 d2 42. Rd1 Rd8 43. g5 Ke2 44. Kc2 e5 45. g3 h3 0-1

[Event "Netanya Open 2019"]
[Site "Netanya"]
[Date "2019.06.24"]
[Round "2.7"]
[White "Prraneeth Vuppala"]
[Black "Zubov, Alexander"]
[Result "0-1"]
[ECO "A41"]
[WhiteElo "2264"]
[BlackElo "2597"]
[Annotator "ChessBase"]
[PlyCount "68"]
[EventDate "2019.06.23"]
[EventType "swiss"]
[EventCountry "ISR"]
[SourceTitle "playchess.com"]
[Source "ChessBase"]
[SourceQuality "1"]
[TimeControl "40/5400+30:1800+30"]

1. d4 d6 2. Nf3 g6 3. g3 b5 4. Bg2 Bb7 5. Qd3 a6 6. c4 c6 7. O-O Nf6 8. b3 Bg7 9. Bb2 O-O 10. Nbd2 Nbd7 11. e4 e5 12. Rad1 exd4 13. Nxd4 Re8 14. Rfe1 Qb6 15. h3 Re7 16. Kh2 Rae8 17. f4 Nh5 18. Bc3 b4 19. Ba1 f5 20. Nc2 Nc5 21. Qe3 Bxa1 22. Rxa1 fxe4 23. Nxe4 Rxe4 24. Bxe4 Rxe4 25. Qf2 Qc7 26. Nxb4 a5 27. Rxe4 Nxe4 28. Qe3 Nhxg3 29. Nd3 c5 30. Nf2 Nf5 31. Qe2 Nd4 32. Qb2 Qe7 33. Nxe4 Qxe4 34. Qf2 Nf3+ 0-1

[Event "Netanya Open 2019"]
[Site "Netanya"]
[Date "2019.06.24"]
[Round "2.8"]
[White "Huzman, Alexander"]
[Black "Tzidkiya, Yeshaayahu"]
[Result "1-0"]
[ECO "A49"]
[WhiteElo "2588"]
[BlackElo "2265"]
[Annotator "ChessBase"]
[PlyCount "99"]
[EventDate "2019.06.23"]
[EventType "swiss"]
[EventCountry "ISR"]
[SourceTitle "playchess.com"]
[Source "ChessBase"]
[SourceQuality "1"]
[TimeControl "40/5400+30:1800+30"]

1. Nf3 Nf6 2. d4 g6 3. g3 Bg7 4. Bg2 O-O 5. O-O d6 6. b3 e5 7. dxe5 Ng4 8. Bb2 Nc6 9. Qc1 Ncxe5 10. Nxe5 Nxe5 11. c4 c6 12. Nc3 f5 13. Qd2 Be6 14. Rad1 Nf7 15. f4 Re8 16. e4 Qc7 17. Rfe1 Rad8 18. h3 Nh6 19. Kh2 Kh8 20. Re2 Ng8 21. exf5 gxf5 22. Rde1 Bf7 23. Rxe8 Rxe8 24. Nd1 Rxe1 25. Bxg7+ Kxg7 26. Qxe1 Nf6 27. Ne3 Bg6 28. Qc3 Qe7 29. Qd4 a6 30. Kg1 Kg8 31. Kf2 Qe6 32. b4 Kf7 33. a4 Qe7 34. a5 Qc7 35. Bf3 Qd7 36. g4 fxg4 37. hxg4 h6 38. f5 Bh7 39. b5 axb5 40. cxb5 cxb5 41. Nd5 Ng8 42. Qh8 Kf8 43. Nf6 Qf7 44. Nxh7+ Ke7 45. f6+ Ke8 46. g5 Qa2+ 47. Kg3 Qe6 48. g6 Qe1+ 49. Kg2 Qd2+ 50. Kh3 1-0

[Event "Netanya Open 2019"]
[Site "Netanya"]
[Date "2019.06.24"]
[Round "2.9"]
[White "Cohen Revivo, Shoham"]
[Black "Antipov, Mikhail Al."]
[Result "0-1"]
[ECO "B84"]
[WhiteElo "2240"]
[BlackElo "2582"]
[Annotator "ChessBase"]
[PlyCount "60"]
[EventDate "2019.06.23"]
[EventType "swiss"]
[EventCountry "ISR"]
[SourceTitle "playchess.com"]
[Source "ChessBase"]
[SourceQuality "1"]
[TimeControl "40/5400+30:1800+30"]

1. e4 c5 2. Nf3 e6 3. d4 cxd4 4. Nxd4 Nf6 5. Nc3 d6 6. f4 Be7 7. Be2 a6 8. Be3 Qc7 9. O-O O-O 10. Qd2 b5 11. a3 Bb7 12. Bf3 Nbd7 13. g4 Nb6 14. b3 Rac8 15. Nde2 d5 16. e5 Ne4 17. Bxe4 dxe4 18. Qd4 Nd7 19. Qd2 Rfd8 20. Qe1 f6 21. Qg3 fxe5 22. f5 exf5 23. Rxf5 Nf8 24. Raf1 Ng6 25. g5 Bxa3 26. Rf7 Rd7 27. Rxd7 Qxd7 28. Rd1 Qe6 29. h4 Rf8 30. h5 Rf3 0-1

[Event "Netanya Open 2019"]
[Site "Netanya"]
[Date "2019.06.24"]
[Round "2.10"]
[White "Mikhalevski, Victor"]
[Black "Tifferet, Shaked"]
[Result "1-0"]
[ECO "E06"]
[WhiteElo "2579"]
[BlackElo "2249"]
[Annotator "ChessBase"]
[PlyCount "109"]
[EventDate "2019.06.23"]
[EventType "swiss"]
[EventCountry "ISR"]
[SourceTitle "playchess.com"]
[Source "ChessBase"]
[SourceQuality "1"]
[TimeControl "40/5400+30:1800+30"]

1. d4 Nf6 2. Nf3 d5 3. c4 e6 4. g3 Be7 5. Bg2 O-O 6. Qc2 c5 7. O-O cxd4 8. Nxd4 Nc6 9. Nxc6 bxc6 10. b3 Ba6 11. Nd2 Qb6 12. Bb2 Rac8 13. Nf3 Rfd8 14. Rac1 c5 15. cxd5 Nxd5 16. Ne5 Nb4 17. Qe4 Nxa2 18. Ra1 Nb4 19. Nxf7 Kxf7 20. Qxh7 Rg8 21. Bf3 e5 22. Bh5+ Kf8 23. Bxe5 Qe6 24. Qe4 Bf6 25. f4 Rh8 26. Bg6 Qc6 27. Rxa6 Nxa6 28. Qc4 Rc7 29. Be4 Qb6 30. Rd1 Bxe5 31. Rd8+ Ke7 32. Rxh8 Bd4+ 33. Kf1 Qf6 34. Qg8 Rd7 35. Qe8+ Kd6 36. Qc8 Nc7 37. Rf8 Qe7 38. Bf5 Bf6 39. e4 Rd8 40. e5+ Kd5 41. Qb7+ Kd4 42. Qf3 c4 43. Qe4+ Kc3 44. Qxc4+ Kb2 45. Rf7 Nd5 46. Qc2+ Ka3 47. Qc1+ Kb4 48. Rxe7 Bxe7 49. Qc4+ Ka3 50. Qa4+ Kb2 51. Qxa7 Bb4 52. Qd4+ Bc3 53. Qd3 Ba5 54. Qb1+ Kc3 55. Qa1+ 1-0

[Event "Netanya Open 2019"]
[Site "Netanya"]
[Date "2019.06.24"]
[Round "2.11"]
[White "Aroesti, Roee"]
[Black "Sivuk, Vitaly"]
[Result "1/2-1/2"]
[ECO "B51"]
[WhiteElo "2233"]
[BlackElo "2547"]
[Annotator "ChessBase"]
[PlyCount "80"]
[EventDate "2019.06.23"]
[EventType "swiss"]
[EventCountry "ISR"]
[SourceTitle "playchess.com"]
[Source "ChessBase"]
[SourceQuality "1"]
[TimeControl "40/5400+30:1800+30"]

1. e4 c5 2. Nf3 d6 3. Bb5+ Nd7 4. O-O a6 5. Bd3 Ngf6 6. c3 g6 7. Bc2 Bg7 8. d4 O-O 9. h3 e5 10. Be3 Qc7 11. Nbd2 b5 12. a4 Bb7 13. d5 c4 14. Qe2 Nc5 15. Ra3 Nh5 16. Rfa1 Nf4 17. Qf1 Rab8 18. g3 Nfd3 19. axb5 axb5 20. b4 Nxe4 21. Nxe4 Bxd5 22. Ra7 Rb7 23. Bxd3 cxd3 24. Qxd3 Rxa7 25. Rxa7 Qc6 26. Nfd2 f5 27. Nxd6 Qxd6 28. Bc5 Qc6 29. Bxf8 Bxf8 30. Ra5 Bf7 31. Rxb5 e4 32. Qe2 Qxc3 33. Rb8 Kg7 34. Rb7 Kg8 35. Rb8 Kg7 36. Rb7 Kg8 37. Qe3 Bxb4 38. Qh6 Bf8 39. Rb8 Qg7 40. Qxg7+ Kxg7 1/2-1/2

[Event "Netanya Open 2019"]
[Site "Netanya"]
[Date "2019.06.24"]
[Round "2.12"]
[White "Rozentalis, Eduardas"]
[Black "Alexikov, Alexander"]
[Result "1/2-1/2"]
[ECO "B08"]
[WhiteElo "2540"]
[BlackElo "2234"]
[Annotator "ChessBase"]
[PlyCount "103"]
[EventDate "2019.06.23"]
[EventType "swiss"]
[EventCountry "ISR"]
[SourceTitle "playchess.com"]
[Source "ChessBase"]
[SourceQuality "1"]
[TimeControl "40/5400+30:1800+30"]

1. e4 g6 2. d4 Bg7 3. Nf3 d6 4. Nc3 Nf6 5. Be2 O-O 6. O-O a6 7. a4 Nc6 8. h3 d5 9. exd5 Nb4 10. Bc4 Nbxd5 11. Nxd5 Nxd5 12. a5 b5 13. axb6 Nxb6 14. Bb3 Bb7 15. c3 a5 16. Re1 e6 17. Bc2 Qc8 18. Qe2 c5 19. Qb5 Nd7 20. Ne5 Nxe5 21. dxe5 Qc7 22. Qe2 c4 23. h4 Bd5 24. h5 Rfb8 25. Ra2 Rb5 26. Ba4 Rbb8 27. Bf4 Rb7 28. Qe3 Rab8 29. Re2 Rb6 30. Bh6 Bh8 31. Qg3 Qe7 32. Bg5 Qc7 33. Qf4 Bg7 34. Bf6 Bxf6 35. Qxf6 Qd8 36. Qf4 Qe7 37. Rd2 g5 38. Qe3 h6 39. Bd1 Rb5 40. Be2 Kg7 41. Qd4 Qc5 42. Qg4 R8b7 43. Bd1 Rb8 44. Qg3 Be4 45. Ba4 R5b7 46. Kh2 Bb1 47. Ra1 Rxb2 48. Rd4 Bf5 49. f4 R2b3 50. Rad1 g4 51. Qh4 Kh7 52. Bxb3 1/2-1/2

[Event "Netanya Open 2019"]
[Site "Netanya"]
[Date "2019.06.24"]
[Round "2.13"]
[White "Bilych, Olexiy"]
[Black "Kogan, Arthur"]
[Result "0-1"]
[ECO "B46"]
[WhiteElo "2203"]
[BlackElo "2535"]
[Annotator "ChessBase"]
[PlyCount "98"]
[EventDate "2019.06.23"]
[EventType "swiss"]
[EventCountry "ISR"]
[SourceTitle "playchess.com"]
[Source "ChessBase"]
[SourceQuality "1"]
[TimeControl "40/5400+30:1800+30"]

1. e4 c5 2. Nf3 e6 3. d4 cxd4 4. Nxd4 Nc6 5. Nc3 a6 6. g3 h5 7. Bg2 h4 8. O-O hxg3 9. hxg3 Nge7 10. Re1 Nxd4 11. Qxd4 Nc6 12. Qd1 d6 13. Be3 Ne5 14. b3 Bd7 15. f4 Ng6 16. Ne2 b5 17. c4 bxc4 18. bxc4 Rc8 19. Qd3 Be7 20. Rad1 Ba4 21. Rd2 Qa5 22. Rb1 Nf8 23. Bb6 Qh5 24. c5 Nd7 25. Qxa6 Nxb6 26. cxb6 Bd7 27. b7 Rb8 28. Rc2 O-O 29. Rc7 Rfd8 30. Kf2 f5 31. e5 dxe5 32. Rd1 Qf7 33. Kf1 Bb5 34. Rxd8+ Bxd8 35. Qxb5 Bxc7 36. fxe5 Rd8 37. Bc6 Bb8 38. Ke1 Qe7 39. a4 Ba7 40. Qa5 Be3 41. Qb5 Ba7 42. Qa5 Bb8 43. Qc3 g5 44. a5 Ba7 45. a6 Qc7 46. Qc1 f4 47. Qc2 Kg7 48. Kf1 Qb6 49. Kg2 g4 0-1

[Event "Netanya Open 2019"]
[Site "Netanya"]
[Date "2019.06.24"]
[Round "2.14"]
[White "Svetushkin, Dmitry"]
[Black "Lukin, Elisha"]
[Result "1-0"]
[ECO "C19"]
[WhiteElo "2532"]
[BlackElo "2196"]
[Annotator "ChessBase"]
[PlyCount "76"]
[EventDate "2019.06.23"]
[EventType "swiss"]
[EventCountry "ISR"]
[SourceTitle "playchess.com"]
[Source "ChessBase"]
[SourceQuality "1"]
[TimeControl "40/5400+30:1800+30"]

1. e4 e6 2. d4 d5 3. Nc3 Bb4 4. e5 c5 5. a3 Bxc3+ 6. bxc3 Ne7 7. Nf3 Bd7 8. a4 Nbc6 9. Ba3 cxd4 10. cxd4 Qa5+ 11. Qd2 Qxd2+ 12. Kxd2 Nf5 13. Bb2 Na5 14. Bd3 Nc4+ 15. Bxc4 dxc4 16. Kc3 Rc8 17. Ba3 Bc6 18. a5 h5 19. Rhg1 h4 20. Nd2 h3 21. g3 b5 22. axb6 axb6 23. Rgb1 b5 24. Bc5 Kd7 25. Ra7+ Rc7 26. Rba1 Rhc8 27. R7a3 Nh6 28. f3 Nf5 29. Kb4 Bd5 30. Ne4 Bxe4 31. fxe4 Nh6 32. Rf1 Ke8 33. g4 Nxg4 34. Bd6 Rc6 35. Rg3 Rxd6 36. exd6 Nf6 37. Rxg7 Kf8 38. Rxf7+ Kxf7 1-0

[Event "Netanya Open 2019"]
[Site "Netanya"]
[Date "2019.06.24"]
[Round "2.15"]
[White "Parligras, Cosmin"]
[Black "Baron, Tal"]
[Result "1/2-1/2"]
[ECO "A25"]
[WhiteElo "2198"]
[BlackElo "2524"]
[Annotator "ChessBase"]
[PlyCount "107"]
[EventDate "2019.06.23"]
[EventType "swiss"]
[EventCountry "ISR"]
[SourceTitle "playchess.com"]
[Source "ChessBase"]
[SourceQuality "1"]
[TimeControl "40/5400+30:1800+30"]

1. c4 e5 2. Nc3 Nc6 3. g3 Bc5 4. Bg2 a6 5. e3 d6 6. Nge2 Ba7 7. d4 h5 8. h3 f5 9. Bxc6+ bxc6 10. dxe5 dxe5 11. Qxd8+ Kxd8 12. Na4 c5 13. Nec3 Bb7 14. e4 Nf6 15. Bg5 Ke8 16. Bxf6 gxf6 17. Nd5 Rd8 18. f3 Kf7 19. Rd1 c6 20. Ndc3 Rd4 21. exf5 Bc8 22. g4 hxg4 23. fxg4 Rxc4 24. Rd6 Bb8 25. Rd2 Rxg4 26. hxg4 Rxh1+ 27. Kf2 Rh2+ 28. Ke3 Rh3+ 29. Kf2 Rh2+ 30. Ke3 Rh3+ 31. Kf2 Ke7 32. Kg2 Rh4 33. Kg3 Rh8 34. Ne4 c4 35. Nb6 Bc7 36. Nxc4 Rg8 37. Ncd6 Bd7 38. Nxf6 Rh8 39. Nfe4 Rh1 40. g5 Rg1+ 41. Kh2 Rg4 42. f6+ Kf8 43. Nc5 Rh4+ 44. Kg3 Rh3+ 45. Kg2 Bg4 46. g6 Rh6 47. g7+ Kg8 48. Nce4 Bh3+ 49. Kg3 Be6 50. b4 Rg6+ 51. Kh2 Rh6+ 52. Kg3 Rg6+ 53. Kh2 Rh6+ 54. Kg3 1/2-1/2

[Event "Netanya Open 2019"]
[Site "Netanya"]
[Date "2019.06.24"]
[Round "2.16"]
[White "Rechlis, Gad"]
[Black "Musyuk, Lior"]
[Result "0-1"]
[ECO "A04"]
[WhiteElo "2506"]
[BlackElo "2190"]
[Annotator "ChessBase"]
[PlyCount "60"]
[EventDate "2019.06.23"]
[EventType "swiss"]
[EventCountry "ISR"]
[SourceTitle "playchess.com"]
[Source "ChessBase"]
[SourceQuality "1"]
[TimeControl "40/5400+30:1800+30"]

1. Nf3 c5 2. g3 Nc6 3. Bg2 e5 4. O-O g6 5. d4 cxd4 6. e3 dxe3 7. Bxe3 Bg7 8. Re1 Nge7 9. Bc5 d5 10. c4 d4 11. Nxe5 Nxe5 12. f4 Bg4 13. Qa4+ Bd7 14. Qb3 Rc8 15. Bd6 Be6 16. Bxe5 Bxe5 17. Rxe5 Rxc4 18. Qb5+ Qd7 19. Na3 Rc7 20. Rd1 O-O 21. b3 a6 22. Qb6 d3 23. Qe3 Rd8 24. Bf1 d2 25. Nb1 Rc2 26. Qf2 Rxa2 27. Re3 Qd4 28. Nc3 Rc2 29. Ne2 Qc5 30. Bg2 Rc1 0-1

[Event "Netanya Open 2019"]
[Site "Netanya"]
[Date "2019.06.24"]
[Round "2.17"]
[White "Karp, Michael"]
[Black "Zanan, Evgeny"]
[Result "1/2-1/2"]
[ECO "E62"]
[WhiteElo "2194"]
[BlackElo "2505"]
[Annotator "ChessBase"]
[PlyCount "96"]
[EventDate "2019.06.23"]
[EventType "swiss"]
[EventCountry "ISR"]
[SourceTitle "playchess.com"]
[Source "ChessBase"]
[SourceQuality "1"]
[TimeControl "40/5400+30:1800+30"]

1. d4 Nf6 2. Nf3 g6 3. g3 Bg7 4. Bg2 O-O 5. c4 d6 6. O-O Nc6 7. Nc3 Bf5 8. Bg5 Ne4 9. Nxe4 Bxe4 10. d5 Na5 11. b3 h6 12. Bd2 c6 13. Qe1 b6 14. dxc6 Nxc6 15. Bc3 e5 16. Qd2 Qc7 17. Nh4 Bxg2 18. Nxg2 f5 19. f4 Rae8 20. Rad1 Re6 21. Ne3 Rfe8 22. Nd5 Qf7 23. e3 g5 24. fxg5 hxg5 25. Rf2 Rg6 26. Rdf1 f4 27. exf4 gxf4 28. Kh1 Ne7 29. gxf4 Nxd5 30. fxe5 Nf4 31. Rxf4 Qb7+ 32. Qd5+ Qxd5+ 33. cxd5 dxe5 34. Re4 Rd6 35. Rd1 a5 36. a4 Kf7 37. Bb2 Red8 38. Bxe5 Rxd5 39. Rxd5 Rxd5 40. Bxg7 Kxg7 41. Re6 b5 42. Ra6 b4 43. Kg2 Rd3 44. Rxa5 Rxb3 45. Rb5 Rb1 46. a5 b3 47. a6 Ra1 48. Rxb3 Rxa6 1/2-1/2

[Event "Netanya Open 2019"]
[Site "Netanya"]
[Date "2019.06.24"]
[Round "2.18"]
[White "Dvoirys, Semen I."]
[Black "Streltsov, Alexey"]
[Result "1/2-1/2"]
[ECO "B42"]
[WhiteElo "2502"]
[BlackElo "2177"]
[Annotator "ChessBase"]
[PlyCount "71"]
[EventDate "2019.06.23"]
[EventType "swiss"]
[EventCountry "ISR"]
[SourceTitle "playchess.com"]
[Source "ChessBase"]
[SourceQuality "1"]
[TimeControl "40/5400+30:1800+30"]

1. e4 c5 2. Nf3 e6 3. d4 cxd4 4. Nxd4 a6 5. Bd3 Bc5 6. c3 Nc6 7. Nxc6 dxc6 8. Qe2 e5 9. Bc4 Qe7 10. a4 a5 11. Be3 Bxe3 12. Qxe3 Nf6 13. Nd2 O-O 14. O-O Be6 15. Rfd1 Rfd8 16. b3 h6 17. f3 Bxc4 18. Nxc4 Rxd1+ 19. Rxd1 b5 20. axb5 cxb5 21. Nb6 Qa7 22. Kf2 Rb8 23. Nd7 Qxe3+ 24. Kxe3 Nxd7 25. Rxd7 Ra8 26. Rb7 a4 27. bxa4 bxa4 28. Kd3 g6 29. Kc2 f5 30. exf5 a3 31. Kb1 gxf5 32. Ka2 e4 33. Re7 Rc8 34. fxe4 fxe4 35. Rxe4 Rxc3 36. g3 1/2-1/2

[Event "Netanya Open 2019"]
[Site "Netanya"]
[Date "2019.06.24"]
[Round "2.19"]
[White "Lahav, Michal"]
[Black "Zoler, Dan"]
[Result "1/2-1/2"]
[ECO "C47"]
[WhiteElo "2178"]
[BlackElo "2499"]
[Annotator "ChessBase"]
[PlyCount "153"]
[EventDate "2019.06.23"]
[EventType "swiss"]
[EventCountry "ISR"]
[SourceTitle "playchess.com"]
[Source "ChessBase"]
[SourceQuality "1"]
[TimeControl "40/5400+30:1800+30"]

1. e4 e5 2. Nf3 Nc6 3. d4 exd4 4. Nxd4 Nf6 5. Nc3 Bb4 6. Nxc6 bxc6 7. Bd3 O-O 8. O-O d5 9. exd5 cxd5 10. h3 c6 11. Qf3 Rb8 12. Bf4 Bd6 13. b3 Rb4 14. Bxd6 Qxd6 15. Ne2 c5 16. Rad1 Bb7 17. Rfe1 a5 18. Qg3 Qxg3 19. Nxg3 g6 20. Re7 Rc8 21. Rxb7 Rxb7 22. Ba6 Rbc7 23. Bxc8 Rxc8 24. Ne2 Kf8 25. Nf4 Rd8 26. Nd3 Ne4 27. Re1 Rc8 28. Ne5 Nc3 29. Nd7+ Kg7 30. Re5 c4 31. Nb6 cxb3 32. axb3 Rc6 33. Nd7 Rc7 34. Nb6 Rb7 35. Nc8 Kf6 36. f4 Rb4 37. g3 Rd4 38. Nd6 Kg7 39. Re7 Rd2 40. Rxf7+ Kg8 41. Rd7 Rxc2 42. Ne8 Ne4 43. Rxd5 Nxg3 44. Rxa5 Ne2+ 45. Kh1 Nxf4 46. Nf6+ Kg7 47. Ng4 Rc7 48. Kh2 h5 49. Nf2 Rc2 50. Kg3 Ne2+ 51. Kg2 Nc1 52. Ra7+ Kh6 53. Rb7 Nd3 54. Rf7 g5 55. Kg1 Nf4 56. h4 Kg6 57. Rf8 Ne2+ 58. Kg2 g4 59. Rg8+ Kf7 60. Rg5 Nf4+ 61. Kg3 Ne2+ 62. Kg2 Rc3 63. Nxg4 Nf4+ 64. Kh1 Rc1+ 65. Kh2 Rc2+ 66. Kh1 Rc1+ 67. Kh2 Rc2+ 68. Kh1 hxg4 69. Rf5+ Kg6 70. Rxf4 Kh5 71. Rf1 Kxh4 72. Rb1 Kh3 73. b4 g3 74. b5 Rh2+ 75. Kg1 Rg2+ 76. Kh1 Rh2+ 77. Kg1 1/2-1/2

[Event "Netanya Open 2019"]
[Site "Netanya"]
[Date "2019.06.24"]
[Round "2.20"]
[White "Gleizer, Mark"]
[Black "Khmelniker, Ilya"]
[Result "1/2-1/2"]
[ECO "D85"]
[WhiteElo "2173"]
[BlackElo "2483"]
[Annotator "ChessBase"]
[PlyCount "191"]
[EventDate "2019.06.23"]
[EventType "swiss"]
[EventCountry "ISR"]
[SourceTitle "playchess.com"]
[Source "ChessBase"]
[SourceQuality "1"]
[TimeControl "40/5400+30:1800+30"]

1. d4 Nf6 2. c4 g6 3. Nc3 d5 4. cxd5 Nxd5 5. Bd2 Bg7 6. e4 Nxc3 7. Bxc3 O-O 8. Qd2 Qd6 9. Nf3 Nc6 10. h3 a6 11. Be2 b5 12. a3 Bb7 13. O-O Rfe8 14. Rfd1 e5 15. d5 Nd4 16. Nxd4 exd4 17. Bxd4 Rxe4 18. Bxg7 Kxg7 19. Rac1 Re7 20. Bf3 Rd8 21. Qc3+ Kg8 22. Rc2 Rdd7 23. b4 Re5 24. Rcd2 Rde7 25. Rd3 Bc8 26. Rd4 Bf5 27. Qd2 Be4 28. Bxe4 Rxe4 29. Rxe4 Rxe4 30. Rc1 Qe5 31. Qc3 Qd6 32. Qc5 Re5 33. Qxd6 cxd6 34. Rc6 Rxd5 35. Rxa6 Rd1+ 36. Kh2 Kg7 37. Ra5 Rd3 38. Rxb5 Rxa3 39. Rd5 Ra6 40. Kg3 Kf6 41. Kf4 Ke6 42. Rd2 Rb6 43. Rd4 d5 44. g3 Kd6 45. h4 Ke6 46. f3 f6 47. g4 Rb7 48. g5 f5 49. Ke3 Ke5 50. f4+ Kd6 51. Kd3 Ra7 52. Ke3 Re7+ 53. Kd2 Re4 54. Kc3 Kc6 55. Kd3 Re1 56. Kc3 Rc1+ 57. Kd2 Rh1 58. Ke3 Rh3+ 59. Kf2 Rxh4 60. Kg3 Rh1 61. Kf2 Rb1 62. Ke3 Re1+ 63. Kd3 Rh1 64. Ke3 Rh3+ 65. Ke2 h6 66. gxh6 Rxh6 67. Rd1 Rh4 68. Ke3 Kd6 69. Kf3 Rh3+ 70. Ke2 Rb3 71. Rd4 Rb1 72. Kf2 Rc1 73. Ke2 Rc8 74. Ke3 Re8+ 75. Kd2 Re4 76. Kd3 Re1 77. Kd2 Rg1 78. Rd3 g5 79. fxg5 Rxg5 80. b5 Rg2+ 81. Kc1 Kc5 82. b6 Rg7 83. Rf3 Rf7 84. b7 Rxb7 85. Rxf5 Kc4 86. Kc2 Rh7 87. Rf3 Rh2+ 88. Kd1 d4 89. Rg3 Ra2 90. Rh3 Rb2 91. Rg3 d3 92. Rg8 Kc3 93. Rc8+ Kd4 94. Rd8+ Kc3 95. Rc8+ Kd4 96. Rd8+ 1/2-1/2

[Event "Netanya Open 2019"]
[Site "Netanya"]
[Date "2019.06.24"]
[Round "2.21"]
[White "Flom, Gabriel"]
[Black "Aizenberg, Benny"]
[Result "1-0"]
[ECO "E60"]
[WhiteElo "2480"]
[BlackElo "2156"]
[Annotator "ChessBase"]
[PlyCount "77"]
[EventDate "2019.06.23"]
[EventType "swiss"]
[EventCountry "ISR"]
[SourceTitle "playchess.com"]
[Source "ChessBase"]
[SourceQuality "1"]
[TimeControl "40/5400+30:1800+30"]

1. d4 Nf6 2. Nf3 g6 3. g3 Bg7 4. Bg2 O-O 5. O-O c5 6. c4 d6 7. b3 Nc6 8. Bb2 cxd4 9. Nxd4 Bd7 10. e3 Qc8 11. Re1 Rb8 12. Nc3 Ne5 13. Rc1 a6 14. Qd2 Bh3 15. Bh1 Nfd7 16. Nd5 Re8 17. Nf4 Nc5 18. b4 Na4 19. Ba1 Bd7 20. Qc2 b6 21. Qb3 Qc7 22. Nd5 Qa7 23. f4 Ng4 24. h3 Nf6 25. Nxf6+ Bxf6 26. Nc6 Bxc6 27. Bxc6 b5 28. Bxe8 Rxe8 29. cxb5 axb5 30. Bxf6 exf6 31. Qd3 Qd7 32. Kh2 f5 33. e4 fxe4 34. Rxe4 Ra8 35. Qd4 Nb6 36. Rce1 Rxa2+ 37. Kg1 f6 38. Qxf6 Ra8 39. Re7 1-0